 Dungeon Crawl Stone Soup version 0.30-a0-187-gd9c2deaf24 (webtiles) character file.

Game seed: 14486658873279461510

30301 trckry the Earth Mage (level 13, -1/93 HPs)
             Began as a Formicid Earth Elementalist on Oct 3, 2022.
             Was a Believer of Qazlal.
             Slain by a five-headed hydra (6 damage)
             ... on level 2 of the Lair of Beasts.
             The game lasted 01:03:01 (20524 turns).

trckry the Earth Mage (FoEE)                       Turns: 20524, Time: 01:03:02

Health: -1/93      AC: 11    Str: 13    XL:     13   Next: 87%
Magic:  0/20       EV: 11    Int: 20    God:    Qazlal [**....]
Gold:   1120       SH: 13    Dex: 14    Spells: 18/22 levels left

rFire   . . .      SeeInvis +    a - staff of earth
rCold   + . .      Faith    .    P - +0 kite shield
rNeg    . . .      Spirit   .    L - +0 steam dragon scales
rPois   .          Reflect  .    (helmet unavailable)
rElec   .          Harm     .    x - +0 cloak
rCorr   +          Rampage  +    p - +2 pair of gloves
Will    +....                    I - +0 pair of boots {rampage}
Stlth   ++........               l - amulet of regeneration
HPRegen 1.15/turn                j - ring of protection from cold
MPRegen 0.17/turn                v - ring of resist corrosion

@: studying Fighting
A: permanent stasis, dig shafts and tunnels, antennae 3, four strong arms
a: Dig, Shaft Self, Renounce Religion, Upheaval


You were on level 2 of the Lair of Beasts.
You worshipped Qazlal.
Qazlal was pleased with you.
You visited 3 branches of the dungeon, and saw 15 of its levels.
You also visited: Sewer and Bailey.

You collected 1120 gold pieces.

Inventory:

Hand Weapons
 b - the +7 long sword of Gluttony {vorpal, Int+4}
   (You found it on level 12 of the Dungeon)

   It inflicts extra damage upon your enemies.
   Int:       It affects your intelligence (+4).
Missiles
 E - 14 poisoned darts
 J - a curare-tipped dart (quivered)
 O - 6 throwing nets
Armour
 p - a +2 pair of gloves (worn)
 x - a +0 cloak (worn)
 I - a +0 pair of boots of rampaging (worn)
 L - +0 steam dragon scales (worn)
 P - a +0 kite shield (worn)
Magical Staves
 a - a staff of earth (weapon)
Jewellery
 e - a ring of ice
 j - a ring of protection from cold (left hand)
 l - an amulet of regeneration (around neck)
 t - a ring of poison resistance
 v - a ring of resist corrosion (right hand)
 T - an amulet of guardian spirit
Wands
 s - a wand of digging (5)
 K - a wand of roots (1)
 Q - a wand of polymorph (8)
 R - a wand of flame (20)
 X - a wand of charming (6)
Scrolls
 c - 3 scrolls of fear {unknown}
 d - 7 scrolls of enchant armour
 f - 2 scrolls of vulnerability {unknown}
 h - a scroll of torment {unknown}
 i - a scroll of summoning {unknown}
 q - a scroll of identify
 u - 6 scrolls of teleportation {unknown}
 y - 3 scrolls of blinking {unknown}
 z - 2 scrolls of poison {unknown}
 C - a scroll of immolation {unknown}
 F - 3 scrolls of noise {unknown}
 G - a scroll of brand weapon {unknown}
 M - a scroll of enchant weapon {unknown}
 N - 2 scrolls of amnesia {unknown}
 U - 4 scrolls of acquirement {unknown}
 W - 4 scrolls of magic mapping {unknown}
 Y - 2 scrolls of butterflies {unknown}
Potions
 g - 4 potions of brilliance
 k - a potion of lignification {unknown}
 m - 3 potions of curing
 n - a potion of might
 o - 6 potions of flight
 r - 2 potions of berserk rage {unknown}
 A - 5 potions of cancellation
 B - 4 potions of degeneration {unknown}
 D - a potion of invisibility {unknown}
 H - 9 potions of resistance {unknown}
 S - a potion of ambrosia {unknown}
 Z - 3 potions of magic


   Skills:
 - Level 6.0 Fighting
 - Level 3.0 Armour
 - Level 3.0 Dodging
 - Level 3.0 Stealth
 + Level 6.1 Shields
 + Level 5.1 Spellcasting
 * Level 12.3 Conjurations
 - Level 3.0 Transmutations
 * Level 16.2 Earth Magic
 * Level 7.0 Invocations
 - Level 6.0 Evocations


You had 18 spell levels left.
You knew the following spells:

 Your Spells              Type           Power      Damage    Failure   Level
a - Sandblast             Erth           100%       2d20      1%          1
b - Stone Arrow           Conj/Erth      100%       3d13      1%          3

Your spell library contained the following spells:

 Spells                   Type           Power      Damage    Failure   Level
 Magic Dart               Conj           100%       1d8       1%          1
 Shock                    Conj/Air       100%       1d9       1%          1
 Passwall                 Tmut/Erth      50%        N/A       1%          2
 Searing Ray              Conj           100%       2d8       1%          2
 Petrify                  Tmut/Erth      60%        N/A       4%          4
 Wereblood                Tmut           17%        N/A       11%         2
 Flame Wave               Conj/Fire      29%        2d9       19%         4
 Fulminant Prism          Conj/Hex       14%        3d9       19%         4
 Slow                     Hex            20%        N/A       24%         1
 Summon Small Mammal      Summ           20%        N/A       24%         1
 Irradiate                Conj/Tmut      17%        3d17      28%         5
 Scorch                   Fire           10%        2d6       36%         2
 Sublimation of Blood     Necr           5%         N/A       36%         2
 Call Canine Familiar     Summ           5%         N/A       58%         3
 Confusing Touch          Hex            5%         N/A       58%         3
 Portal Projectile        Hex/Tloc       10%        N/A       58%         3
 Summon Guardian Golem    Hex/Summ       5%         N/A       58%         3
 Tukima's Dance           Hex            5%         N/A       58%         3
 Vampiric Draining        Necr           5%         2d6       58%         3
 Blade Hands              Tmut           8%         N/A       89%         5
 Airstrike                Air            2%         2d(1-17)  94%         4
 Summon Cactus Giant      Summ           2%         N/A       100%        6
 Summon Hydra             Summ           2%         N/A       100%        7
 Swiftness                Air            Unusable   N/A       N/A         3

Dungeon Overview and Level Annotations

Branches:
Dungeon (12/15) Zot: 24703  Temple (1/1) D:5 Zot: 5941    Lair (2/5) D:11 Zot: 9190
  Snake (0/4) Lair:2          Orc (0/2) D:10          Sewer (visited)
 Bailey (visited)
  Swamp: Lair:2-3    Shoals: Lair:2-3

Altars:
Ashenzari
Cheibriados
Dithmenos
Elyvilon
Fedhas
Gozag
Hepliaklqana
Kikubaaqudgha
Makhleb
Nemelex Xobeh
Okawaru
Qazlal
Ru
Sif Muna
Trog
Uskayaw
Vehumet
Wu Jian
Xom
Yredelemnul
Zin
The Shining One

Shops:
D:3 *

Annotations:
D:10 2 transporters, ragingrage's ghost, journeyman GnWn
D:11 3 runed translucent doors
Lair:1 3 runed translucent doors, Sobieck's ghost, journeyman KoEE
Abyss:1 Gastronok


Innate Abilities, Weirdness & Mutations

You cannot be hasted, slowed, berserked, paralysed or teleported.
You can dig through walls and to a lower floor.
You have a pair of large antennae on your head. (SInv)
Your four strong arms can wield two-handed weapons with a shield.


Message History

The five-headed hydra struggles to escape constriction.
You regained 2 hp, and now have 22/93 hp.
The grasping roots constrict the five-headed hydra!
A bog body comes into view.
The five-headed hydra escapes!
Aiming: Fastroot
Press: ? - help, Shift-Dir - straight line The roots erupt in riotous growth!
Roots grab the five-headed hydra.
The grasping roots constrict the five-headed hydra.
The five-headed hydra bites you.
* * * LOW HITPOINT WARNING * * *
You block the five-headed hydra's attack.
The five-headed hydra bites you.
* * * LOW HITPOINT WARNING * * *
The five-headed hydra bites you but does no damage.
The five-headed hydra closely misses you.
You take 2 damage, and have 21/93 hp.
The grasping roots constrict the five-headed hydra!
The roots release their grip on the five-headed hydra.
Aiming: Throw Flame
Press: ? - help, Shift-Dir - straight line, f - five-headed hydra
Aim: a five-headed hydra (severely wounded, 91% to hit)
Okay, then.
Casting: Stone Arrow (safe; 1% risk of failure)
Confirm with . or Enter, or press ? or * to list all spells.
Aiming: Stone Arrow (safe; 1% risk of failure)
Press: ? - help, Shift-Dir - straight line, f - five-headed hydra
Aim: a five-headed hydra (severely wounded, 92% to hit)
You feel a surge of power!
The stone arrow hits the five-headed hydra!
The five-headed hydra is severely wounded.
You block the five-headed hydra's attack.
The five-headed hydra bites you!
* * * LOW HITPOINT WARNING * * *
The five-headed hydra bites you!
* * * LOW HITPOINT WARNING * * *
The five-headed hydra bites you but does no damage.
The five-headed hydra bites you.
You die...

...###.P..# ...#
###.## #.## #..## ###
#..P# #...#
##..#########
#######...#.##.##.#
..#..####.........##
.....# #.#.##.##@#.##
.PP..########.##.D..##
##P...# #........##
##..P# ♣...###n..###
#..♣♣ ♣♣..........#
##♣♣♣♣ ♣♣♣♣♣♣..†.)# .♣
♣♣♣....# #♣ { .⌠...# #
{{ .⌠....#


You could see a five-headed hydra and a bog body.

Vanquished Creatures
  Harold (Lair:1)
  A catoblepas (D:12)
  A boulder beetle (D:10)
  Erica (Lair:1)
  3 two-headed ogres
  A deep elf pyromancer (D:6)
  Pikel (D:8)
  A manticore (D:6)
  The ghost of IdlyInterested the Trooper, a novice DsGl of Hepliaklqana (D:6)
  An ugly thing (D:12)
  5 cyclopes
  4 black mambas
  3 molten gargoyles (D:11)
  Joseph (Lair:1)
  3 cane toads (Lair:1)
  2 gargoyles
  A rime drake (Lair:2)
  3 komodo dragons
  2 trolls
  A hornet (D:9)
  4 blink frogs (Lair:1)
  A culicivora (shapeshifter) (D:8)
  A wyvern (Lair:2)
  2 wraiths
  A shadow (D:9)
  27 yaks
  Grum (D:8)
  6 basilisks
  4 steam dragons
  3 vampire mosquitoes
  Edmund (D:6)
  Menkaure (D:6)
  2 acid dragons
  A swamp worm (Lair:2)
  9 water moccasins
  A sky beast (D:7)
  A black bear (D:6)
  3 ice beasts
  13 orc warriors
  3 phantoms
  2 ogres
  9 wolves
  15 centaurs
  A lemure (D:8)
  2 kobold brigands
  5 bullfrogs
  5 earth elementals (D:12)
  5 necrophages
  2 gnoll sergeants
  4 wights (D:10)
  4 killer bees
  4 howler monkeys
  2 hounds (D:5)
  Crazy Yiuf (D:2)
  9 orc priests
  A gnoll bouda (D:9)
  5 iguanas
  5 jellies
  Jessica (D:3)
  6 orc wizards
  7 adders
  19 gnolls
  5 river rats (Sewer)
  3 white imps
  3 worms
  4 dart slugs
  51 orcs
  5 ball pythons
  5 endoplasms
  8 giant cockroaches
  8 goblins
  3 hobgoblins
  6 jackals
  5 quokkas
  2 bats
  7 frilled lizards
  13 kobolds
  18 rats
382 creatures vanquished.

Vanquished Creatures (others)
  10 fungi
  32 plants
42 creatures vanquished.

Grand Total: 424 creatures vanquished

Notes
Turn   | Place    | Note
-------+----------+-------------------------------------------
     0 | D:1      | trckry the Formicid Earth Elementalist began the quest for
                  | the Orb.
     0 | D:1      | Reached XP level 1. HP: 13/13 MP: 3/3
   153 | D:1      | Reached XP level 2. HP: 20/20 MP: 3/5
   186 | D:1      | Found a faded altar of an unknown god.
   477 | D:1      | Reached skill level 4 in Earth Magic
   764 | D:2      | Reached XP level 3. HP: 25/25 MP: 4/6
  1294 | D:2      | Found a runed translucent door.
  1295 | D:2      | Noticed Crazy Yiuf
  1302 | D:2      | Learned a level 3 spell: Stone Arrow
  1611 | D:3      | Reached skill level 1 in Fighting
  1626 | D:3      | Noticed Jessica
  1631 | D:3      | Killed Jessica
  1632 | D:3      | Reached skill level 1 in Armour
  1632 | D:3      | Reached XP level 4. HP: 32/32 MP: 4/7
  1836 | D:3      | Reached skill level 1 in Conjurations
  1836 | D:3      | Reached XP level 5. HP: 37/37 MP: 4/8
  2090 | D:3      | Found Ediodeth's Assorted Antiques.
  2324 | D:2      | Killed Crazy Yiuf
  2648 | D:4      | Reached XP level 6. HP: 38/44 MP: 2/10
  2701 | D:4      | Reached skill level 5 in Earth Magic
  3005 | D:4      | Reached XP level 7. HP: 33/50 MP: 1/11
  3703 | D:5      | Entered Level 5 of the Dungeon
  3725 | D:5      | Reached skill level 6 in Earth Magic
  3725 | D:5      | Reached XP level 8. HP: 46/57 MP: 1/12
  3931 | D:5      | Found a staircase to the Ecumenical Temple.
  4338 | D:5      | Reached skill level 7 in Earth Magic
  4744 | D:6      | Found a glowing drain.
  4748 | Sewer    | Entered a sewer
  5320 | D:6      | Noticed Menkaure
  5409 | D:6      | Noticed Edmund
  5448 | D:6      | Killed Edmund
  5449 | D:6      | Reached skill level 5 in Conjurations
  5449 | D:6      | Reached skill level 8 in Earth Magic
  5571 | D:6      | Reached XP level 9. HP: 47/48 MP: 9/13
  5962 | D:6      | Found a runed translucent door.
  5965 | D:6      | Reached skill level 9 in Earth Magic
  6209 | D:6      | Killed Menkaure
  6467 | D:6      | Noticed IdlyInterested's ghost (novice DsGl)
  6653 | D:6      | Noticed a deep elf pyromancer
  6714 | D:6      | Killed a deep elf pyromancer
  6715 | D:6      | Reached skill level 10 in Earth Magic
  6804 | D:6      | Noticed a manticore
  6848 | D:6      | Reached XP level 10. HP: 70/70 MP: 7/14
  6913 | D:6      | Killed a manticore
  7024 | D:6      | Reached skill level 11 in Earth Magic
  7087 | D:6      | Noticed a komodo dragon
  7093 | D:6      | Killed a komodo dragon
  7249 | D:6      | Noticed a cyclops
  7261 | D:6      | Killed a cyclops
  7688 | D:7      | Reached skill level 12 in Earth Magic
  7822 | D:7      | Found an ornate altar of the Wu Jian Council.
  7822 | D:7      | Found a hazy altar of Hepliaklqana.
  7823 | D:7      | Found a glowing silver altar of Zin.
  8351 | D:6      | Killed IdlyInterested's ghost
  8352 | D:6      | Reached skill level 1 in Evocations
  8352 | D:6      | Reached XP level 11. HP: 75/75 MP: 3/15
  8517 | D:8      | Noticed Pikel
  8603 | D:8      | Reached skill level 13 in Earth Magic
  8641 | D:8      | HP: 8/75 [culicivora (shapeshifter) (16)]
  8712 | D:8      | Killed Pikel
  8789 | D:8      | Reached skill level 10 in Conjurations
  8828 | D:8      | Noticed Grum
  8833 | D:8      | Killed Grum
  8889 | D:8      | Found a flagged portal.
  8895 | Bailey   | Entered a bailey
  9979 | Bailey   | Reached skill level 14 in Earth Magic
 11658 | D:9      | Reached XP level 12. HP: 66/83 MP: 3/16
 11818 | D:9      | Reached skill level 1 in Shields
 12676 | Temple   | Entered the Ecumenical Temple
 12709 | Temple   | Upgraded the game from 0.30-a0-177-g1cb5dbfd7a to
                  | 0.30-a0-187-gd9c2deaf24
 12723 | Temple   | Became a worshipper of Qazlal Stormbringer
 12832 | D:10     | Entered Level 10 of the Dungeon
 12832 | D:10     | Noticed a two-headed ogre
 12836 | D:10     | Killed a two-headed ogre
 13045 | D:10     | Found a transporter.
 13046 | D:10     | Found a transporter.
 13084 | D:10     | Found a bloodstained altar of Trog.
 13084 | D:10     | Noticed ragingrage's ghost (journeyman GnWn)
 13097 | D:10     | Noticed a two-headed ogre
 13111 | D:10     | Noticed a tengu warrior
 13120 | D:10     | Found a staircase to the Orcish Mines.
 13393 | D:10     | Reached skill level 5 in Evocations
 13491 | D:10     | Reached skill level 5 in Fighting
 14046 | D:11     | Noticed a boulder beetle
 14120 | D:10     | HP: 5/86 [boulder beetle (8)]
 14122 | D:10     | Killed a boulder beetle
 14123 | D:10     | Reached skill level 1 in Invocations
 14365 | D:11     | Noticed a two-headed ogre
 14370 | D:11     | Killed a two-headed ogre
 14458 | D:11     | Found a runed translucent gate.
 14458 | D:11     | Found a runed translucent gate.
 14459 | D:11     | Found a runed translucent gate.
 14527 | D:11     | Reached skill level 15 in Earth Magic
 14741 | D:11     | Reached * piety under Qazlal
 14867 | D:11     | Found a staircase to the Lair.
 15648 | D:12     | Noticed Gastronok
 15732 | D:12     | Banished Gastronok
 15733 | D:12     | Reached XP level 13. HP: 69/93 MP: 0/18
 16979 | D:12     | Noticed a catoblepas
 17121 | D:12     | Reached skill level 5 in Invocations
 17280 | D:12     | Killed a catoblepas
 17281 | D:12     | Reached skill level 5 in Shields
 17399 | D:12     | Identified the +7 long sword of Gluttony {vorpal, Int+4}
 17724 | Lair:1   | Entered Level 1 of the Lair of Beasts
 17851 | Lair:1   | Noticed Erica
 17858 | Lair:1   | Killed Erica
 18069 | Lair:1   | Reached ** piety under Qazlal
 18139 | Lair:1   | Noticed Harold
 18266 | Lair:1   | Found a runed translucent gate.
 18266 | Lair:1   | Found a runed translucent gate.
 18266 | Lair:1   | Found a runed translucent gate.
 18324 | Lair:1   | Noticed Sobieck's ghost (journeyman KoEE)
 18408 | Lair:1   | Noticed Joseph
 18417 | Lair:1   | Reached skill level 16 in Earth Magic
 18567 | Lair:1   | Killed Joseph
 19186 | Lair:1   | Killed Harold
 19557 | Lair:2   | Reached skill level 5 in Spellcasting
 19985 | Lair:2   | Found a staircase to the Snake Pit.
 20505 | Lair:2   | Noticed a five-headed hydra
 20524 | Lair:2   | HP: 5/93 [five-headed hydra (11)]
 20524 | Lair:2   | Slain by a five-headed hydra

Illustrated notes

Levels and vault maps discovered:
D:1:      giann_horns, layout_basic, dreamdust_ecumenical_altar_grove
D:2:      layout_rooms, uniq_crazy_yiuf_cottage
D:3:      layout_basic, serial_shops, shop, uniq_jessica
D:4:      layout_basic
D:5:      layout_basic, minmay_temple_entry_slanted, st_stairs_9
D:6:      minmay_klotski, layout_basic, ebering_ghost_sewer_d,
          gup_sewer_entry_bowl, uniq_menkaure, uniq_edmund
D:7:      layout_cave_pools, gammafunk_temple_overflow_claw
D:8:      layout_loops_ring, enter_bailey_3, uniq_grum, uniq_pikel
D:9:      layout_grid_maze
D:10:     layout_irregular_city, orc_0_dummy, gammafunk_ghost_wrathful_warriors
D:11:     layout_roguey, david_lair_shrubbed,
          ploomutoo_gammafunk_ghost_potion_laboratory, minivault_8
D:12:     layout_long_grid, hangedman_cracks_in_the_wall, uniq_gastronok
Temple:   hellmonk_temple_of_storms
Lair:1:   layout_gridlike, gammafunk_ghost_necromancy, uniq_erica, uniq_harold,
          uniq_joseph
Lair:2:   layout_loops_ring, nicolae_swamp_entry_splash_gauntlet,
          minmay_snake_entry_six_corridors, infiniplex_staircase_pool_2

Skill      XL: |  1  2  3  4  5  6  7  8  9 10 11 12 13 |
---------------+----------------------------------------+-----
Earth Magic    | 4 5 6 8 10 12 14 15 16 | 16.2
Dodging        | 2 3 |  3.0
Fighting       | 1 2 3 6 |  6.0
Armour         | 1 2 3 |  3.0
Stealth        | 3 |  3.0
Conjurations   | 1 2 3 5 7 9 10 11 12 | 12.3
Transmutations | 2 3 |  3.0
Spellcasting   | 3 5 |  5.1
Evocations     | 1 4 5 6 |  6.0
Shields        | 4 6 |  6.1
Invocations    | 3 7 |  7.0

Action                   |  1- 3 |  4- 6 |  7- 9 | 10-12 | 13-15 || total
-------------------------+-------+-------+-------+-------+-------++-------
Melee: Quarterstaff      |       |    35 |    35 |    92 |     2 ||   164
       Punch             |       |     2 |     1 |     1 |       ||     4
       Staff             |       |       |     3 |       |     1 ||     4
Throw: Dart              |       |       |       |     4 |     1 ||     5
 Cast: Sandblast         |    45 |    44 |    87 |   198 |    14 ||   388
       Stone Arrow       |       |     5 |    41 |   163 |   154 ||   363
 Abil: Dig               |       |       |     6 |     3 |       ||     9
Evoke: Wand              |       |       |       |     1 |     2 ||     3
  Use: Scroll            |       |       |       |       |     7 ||     7
 Stab: Sleeping          |       |     2 |       |       |       ||     2
Armor: Robe              |       |    22 |    36 |     2 |       ||    60
       Steam dragon scal |       |       |       |    75 |    41 ||   116
Dodge: Dodged            |    10 |    29 |    49 |   170 |    47 ||   305
Block: Kite shield       |       |       |       |       |    30 ||    30

Table legend: (Time is in decaauts)
 A = Elapsed time spent in this place.
 B = Non-inter-level travel time spent in this place.
 C = Inter-level travel time spent in this place.
 D = Time resting spent in this place.
 E = Time spent auto-exploring this place.
 F = Levels seen in this place.
 G = Mean time per level.
                   A        B        C        D        E       F      G
               +--------+--------+--------+--------+--------+-----+--------+
         Total |  20842 |  20125 |    717 |    843 |  14880 |  17 | 1226.0 |
       Dungeon |  15585 |  14894 |    691 |    760 |  11077 |  12 | 1298.8 |
        Temple |     58 |     34 |     24 |      0 |     18 |   1 |   58.0 |
          Lair |   2808 |   2808 |      0 |     14 |   2296 |   2 | 1404.0 |
         Sewer |    596 |    596 |      0 |      0 |    369 |   1 |  596.0 |
        Bailey |   1793 |   1793 |      0 |     69 |   1119 |   1 | 1793.0 |
               +--------+--------+--------+--------+--------+-----+--------+

Top non-repeatable levels by time:
     D:6: 2682 daAuts
    D:12: 2089 daAuts
     D:9: 1803 daAuts
  Bailey: 1793 daAuts
  Lair:1: 1727 daAuts
    D:10: 1340 daAuts
    D:11: 1334 daAuts
     D:4: 1315 daAuts
  Lair:2: 1080 daAuts
     D:5: 1052 daAuts
     D:2: 906 daAuts
     D:8: 833 daAuts
     D:3: 821 daAuts
     D:1: 728 daAuts
     D:7: 677 daAuts
